 Dungeon Sprint DCSS version 0.31-a0-986-g5e6e4ef867 (webtiles) character file.

Game seed: 9791528677830548440

138 rocky1 the Demonic Catastrophe (level 9, 0/80 HPs)
             Began as a Demonspawn Fighter on Nov 24, 2023.
             Was an Elder of Qazlal.
             Shot themself with a blast of magma (17 damage)
             ... in the Dungeon (Sprint VI: "Thunderdome").
             The game lasted 00:04:53 (507 turns).

rocky1 the Demonic Catastrophe (Demonspawn Fighter)  Turns: 507, Time: 00:04:54

Health: 0/80       AC:  9    Str: 17    XL:     9   Next: 23%
Magic:  13/17      EV: 10    Int: 10    God:    Qazlal [****..]
Gold:   1          SH: 12    Dex: 16    Spells: 8/8 levels left

rFire   . . .        a - +0 long sword
rCold   . . .        c - +0 buckler
rNeg    . . .        b - +0 scale mail
rPois   .            (helmet restricted)
rElec   .            (no cloak)
rCorr   .            (no gloves)
SInv    .            (no boots)
Will    .....        (no amulet) Stlth
                     (no ring)
HPRegen 0.33/turn    (no ring)
MPRegen 0.15/turn

%: no teleportation, repel missiles
@: no status effects
A: horns 1, rugged brown scales 1, foul stench 1, powered by pain 2
a: Renounce Religion, Upheaval, Elemental Force


You were in the Dungeon.
You worshipped Qazlal.
Qazlal was greatly pleased with you.
You visited 1 branch You collected 400 gold pieces.
You spent 399 gold pieces at shops.

Inventory:

Hand Weapons
 a - a +0 long sword (weapon)
Missiles
 i - a throwing net (quivered)
Armour
 b - a +0 scale mail (worn)
 c - a +0 buckler (worn)
Scrolls
 j - 4 scrolls of blinking
 n - 2 scrolls of fog
Potions
 d - a potion of might
 e - 4 potions of curing
 f - 4 potions of heal wounds
 g - 4 potions of haste
 h - 2 potions of magic
 k - a potion of resistance


   Skills:
 + Level 10.0 Fighting
 + Level 8.9 Long Blades
 + Level 9.2 Armour
 + Level 2.5 Dodging
 + Level 0.1 Stealth
 + Level 9.2 Shields
 * Level 11.0 Invocations
 + Level 4.0 Evocations


You had 8 spell levels left.
You didn't know any spells.
Your spell library was empty.

Dungeon Overview and Level Annotations

Branches:
Dungeon (1/1)

Altars:
Cheibriados
Dithmenos
Fedhas
Gozag
Kikubaaqudgha
Makhleb
Okawaru
Qazlal
Ru
Sif Muna
Trog
Uskayaw
Vehumet
Wu Jian
Xom
Yredelemnul
Lugonu

Shops:
D *[=??*?*:[((!!!!


Innate Abilities, Weirdness & Mutations

You have a pair of small horns on your head.
You are partially covered in rugged brown scales. (AC +1, +3% HP)
You may rarely emit foul miasma when damaged in melee.
You sometimes gain power by taking damage.


Message History

Something shocks you.
* * * LOW HITPOINT WARNING * * *
You miss something. Your headbutt misses something. Something hits you.
* * * LOW HITPOINT WARNING * * *
Something shocks you.
* * * LOW HITPOINT WARNING * * *
A sky beast appears from thin air!
Reactivating autopickup.
The sky beast attacks as it pursues you!
The sky beast hits you.
* * * LOW HITPOINT WARNING * * *
The sky beast shocks you.
* * * LOW HITPOINT WARNING * * *
You feel much better.
You hit the sky beast. You headbutt the sky beast.
The sky beast is moderately wounded.
The sky beast hits you but does no damage.
You barely miss the sky beast.
The sky beast is moderately wounded.
The sky beast flickers out of sight!
Deactivating autopickup; reactivate with Ctrl-A.
Something completely misses you.
You hit something. You block something's attack.
You feel much better. Something hits you but does no damage.
You miss something. Your headbutt misses something.
Something hits you but does no damage.
You miss something. Something hits you. Something shocks you.
You miss something. Your headbutt misses something. Something hits you.
Something shocks you.
* * * LOW HITPOINT WARNING * * *
You hit something but do no damage. Something hits you.
* * * LOW HITPOINT WARNING * * *
Something shocks you.
* * * LOW HITPOINT WARNING * * *
You completely miss something. Something hits you but does no damage.
Aiming: Upheaval
Press: ? - help, Dir - move target Magma suddenly erupts from the ground!
The blast of magma engulfs you!
You die...

###.........###
#⌠...........⌠#
######.8.....(...8.####
##∩_._......###......___
###∩........8.# #.8)......
##.............###.........
#⌠......§..○###...###......
#⌠.....°≈≈.○# #.<.# #).....
#⌠.....~≈{@.###...###......
##..........○..###)÷.†..)..
###∩...†○...8.# #.8.......
##∩___....††###......_._
######.8.........8.####
#)...........⌠#
###..)......### #_......._#
#_......._#


There were no monsters in sight!

Vanquished Creatures
  A cyclops (D)
  3 merfolk (D)
  2 wyverns (D)
  2 redbacks (D)
  3 water moccasins (D)
  5 sky beasts (D)
  A gnoll bouda (D)
  A hound (D)
  4 gnolls (D)
22 creatures vanquished.

Notes
Turn   | Place    | Note
-------+----------+-------------------------------------------
     0 | D        | rocky1 the Demonspawn Fighter began the quest for the Orb.
     0 | D        | Reached XP level 1. HP: 18/18 MP: 1/1
     3 | D        | Found a burning altar of Makhleb.
     3 | D        | Found a stormy altar of Qazlal.
     4 | D        | Found a shimmering blue altar of Sif Muna.
     4 | D        | Found a hide-covered altar of Uskayaw.
     5 | D        | Found a radiant altar of Vehumet.
     5 | D        | Round 1.
     6 | D        | Found a blossoming altar of Fedhas.
     6 | D        | Found a bloodstained altar of Trog.
     6 | D        | Found Pezetukk's Premium Goods.
     6 | D        | Found Reemyhat's Weapon Rack.
     7 | D        | Found Cumenun's Miscellaneous Merchandise.
     7 | D        | Found Oralog's Basic Armour.
     8 | D        | Noticed a redback
     9 | D        | Found a snail-covered altar of Cheibriados.
    13 | D        | Killed a redback
    14 | D        | Reached skill level 5 in Armour
    14 | D        | Reached skill level 5 in Shields
    14 | D        | Reached skill level 1 in Evocations
    14 | D        | Gained mutation: You may rarely emit foul miasma when
                  | damaged in melee. [demonic ancestry]
    14 | D        | Reached XP level 2. HP: 1/28 MP: 2/2
    14 | D        | Gained mutation: You have a pair of small horns on your
                  | head. [demonic ancestry]
    14 | D        | Reached XP level 3. HP: 2/34 MP: 3/3
    14 | D        | Gained mutation: You sometimes gain a little power by
                  | taking damage. [demonic ancestry]
    14 | D        | Reached XP level 4. HP: 2/40 MP: 4/4
    18 | D        | Became a worshipper of Qazlal Stormbringer
    29 | D        | Noticed a water moccasin
    31 | D        | Noticed a water moccasin
    35 | D        | Killed a water moccasin
    36 | D        | Reached skill level 3 in Invocations
    36 | D        | Gained mutation: You are partially covered in rugged brown
                  | scales. (AC +1, +3% HP) [demonic ancestry]
    36 | D        | Reached XP level 5. HP: 37/48 MP: 4/7
    38 | D        | Killed a water moccasin
    39 | D        | Reached skill level 5 in Invocations
    39 | D        | Reached XP level 6. HP: 44/56 MP: 4/9
    43 | D        | Found Amuros's Identification Station.
    44 | D        | Found Caiplon's Advanced Armour.
    44 | D        | Found Govash's Jewellery.
    46 | D        | Found an opulent altar of Gozag.
    46 | D        | Found Hacsaaxt's Timeless Talismans.
    56 | D        | Noticed a water moccasin
    62 | D        | Killed a water moccasin
    62 | D        | Reached * piety under Qazlal
    63 | D        | Reached skill level 6 in Invocations
    66 | D        | Found an iron altar of Okawaru.
    67 | D        | Found a basalt altar of Yredelemnul.
    68 | D        | Found an ancient bone altar of Kikubaaqudgha.
    71 | D        | Found Cuuro's Magic Scroll Shop.
    72 | D        | Found a shadowy altar of Dithmenos.
    72 | D        | Found a corrupted altar of Lugonu.
    72 | D        | Found Zeatz's Staff Store.
    74 | D        | Found Zuxowk's Magic Scroll Shop.
    74 | D        | Found Utussud's Must-Have Magic.
    79 | D        | Found a shimmering altar of Xom.
    80 | D        | Found Kyrousys's Distillery.
    82 | D        | Found an ornate altar of the Wu Jian Council.
    82 | D        | Found a sacrificial altar of Ru.
    82 | D        | Found Buskor's Do-It-Yourself Clinic.
    83 | D        | Found Ohidghat's Distillery.
    83 | D        | Found Rufam's Bottled Wisdom.
    85 | D        | Noticed a redback
    92 | D        | Killed a redback
    92 | D        | Arena points: 12 (+12) [x2]
    93 | D        | Reached XP level 7. HP: 52/64 MP: 10/12
   101 | D        | Bought 4 potions of curing for 84 gold pieces
   101 | D        | Bought 3 potions of heal wounds for 105 gold pieces
   142 | D        | Round 2.
   189 | D        | Reached ** piety under Qazlal
   212 | D        | Reached skill level 7 in Invocations
   230 | D        | Reached *** piety under Qazlal
   230 | D        | Arena points: 54 (+42) [x3]
   261 | D        | Round 3.
   285 | D        | Noticed a merfolk
   304 | D        | Killed a merfolk
   305 | D        | Reached skill level 5 in Long Blades
   305 | D        | Reached skill level 8 in Invocations
   318 | D        | Noticed a wyvern
   326 | D        | Killed a wyvern
   327 | D        | Reached skill level 1 in Dodging
   327 | D        | Gained mutation: You sometimes gain power by taking damage.
                  | [demonic ancestry]
   327 | D        | Reached XP level 8. HP: 11/73 MP: 14/14
   329 | D        | Noticed a merfolk
   333 | D        | HP: 3/73 [merfolk/+0 trident (23)]
   337 | D        | Killed a merfolk
   350 | D        | Noticed a merfolk
   354 | D        | Killed a merfolk
   355 | D        | Reached skill level 9 in Invocations
   363 | D        | Noticed a cyclops
   379 | D        | Killed a cyclops
   379 | D        | Arena points: 138 (+84) [x4]
   380 | D        | Reached skill level 10 in Invocations
   380 | D        | Reached XP level 9. HP: 29/80 MP: 16/16
   394 | D        | Round 4.
   401 | D        | Bought 3 potions of heal wounds for 105 gold pieces
   401 | D        | Bought 3 potions of heal wounds for 105 gold pieces
   417 | D        | Reached **** piety under Qazlal
   434 | D        | HP: 4/80 [sky beast (5)]
   475 | D        | Reached skill level 10 in Fighting
   475 | D        | Reached skill level 11 in Invocations
   495 | D        | HP: 1/80 [sky beast (5)]
   507 | D        | Shot themself with a blast of magma

Illustrated notes

Levels and vault maps discovered:
D:        arena_sprint

Skill      XL: |  1  2  3  4  5  6  7  8  9 |
---------------+----------------------------+-----
Fighting       | 6 7 8 9 10 | 10.0
Long Blades    | 2 3 4 6 8 |  8.9
Armour         | 5 6 7 8 9 |  9.2
Shields        | 5 6 7 8 9 |  9.2
Evocations     | 1 2 3 4 |  4.0
Invocations    | 3 5 6 8 10 11 | 11.0
Dodging        | 1 2 |  2.5
Stealth        | |  0.1

Action                     |  1- 3 |  4- 6 |  7- 9 || total
---------------------------+-------+-------+-------++-------
  Melee: Long sword        |     1 |     8 |    95 ||   104
         Headbutt          |       |     3 |    15 ||    18
 Invoke: Upheaval          |       |       |     9 ||     9
  Evoke: Wand              |     3 |     7 |       ||    10
    Use: Potion            |       |     2 |     9 ||    11
         Scroll            |       |       |     1 ||     1
 Armour: Scale mail        |     1 |     8 |    54 ||    63
  Dodge: Dodged            |     1 |     6 |    23 ||    30
  Block: Buckler           |       |     1 |    36 ||    37

Table legend: (Time is in decaauts)
 A = Elapsed time spent in this place.
 B = Non-inter-level travel time spent in this place.
 C = Inter-level travel time spent in this place.
 D = Time resting spent in this place.
 E = Time spent auto-exploring this place.
 F = Levels seen in this place.
 G = Mean time per level.
                   A        B        C        D        E       F      G
               +--------+--------+--------+--------+--------+-----+--------+
         Total |    528 |    528 |      0 |     95 |     47 |   1 |  528.0 |
       Dungeon |    528 |    528 |      0 |     95 |     47 |   1 |  528.0 |
               +--------+--------+--------+--------+--------+-----+--------+

Top non-repeatable levels by time:
       D: 528 daAuts
